 Dungeon Crawl Stone Soup version 0.25.0-26-g0c896c7088 (webtiles) character file.

Game seed: 13834535105368046769

165 MisterFreud the Magician (level 5, -3/34 HPs)
             Began as an Octopode Earth Elementalist on July 1, 2020.
             Slain by an orc wizard
             ... wielding a +0 dagger
              (4 damage)
             ... on level 4 of the Dungeon.
             The game lasted 00:04:25 (3908 turns).

MisterFreud the Magician (OpEE)                     Turns: 3908, Time: 00:04:25

Health: -3/34      AC:  1    Str:  7    XL:     5   Next: 46%
Magic:  20/20      EV: 13    Int: 18    God:
Gold:   174        SH:  0    Dex: 13    Spells: 6/12 levels left

rFire    . . .     SeeInvis .   j - -1 spear (curse)
rCold    . . .     Gourm    .   (no shield)
rNeg     . . .     Faith    .   (helmet restricted)
rPois    .         Spirit   .   (no amulet)
rElec    .         Reflect  .   e - ring of magical power
rCorr    .         Harm     .   l - ring of protection from magic
MR       +....                  (no ring)
Stlth    +++.......             (no ring)
HPRegen  0.11/turn              (no ring)
MPRegen  0.17/turn              (no ring)
                                (no ring)
                                (no ring)

@: flying
A: almost no armour, stealthy swim, amphibious, 8 rings, constrict 8, camouflage
1, gelatinous body 1
a: no special abilities


You were on level 4 of the Dungeon.
You were hungry.

You visited 1 branch of the dungeon, and saw 4 of its levels.

You collected 174 gold pieces.

Inventory:

Hand Weapons
 f - a +0 dagger
 j - a cursed -1 spear (weapon)
Missiles
 b - 130 stones (quivered)
Jewellery
 e - a ring of magical power (left tentacle)
 l - a ring of protection from magic (right tentacle)
Scrolls
 a - a scroll of amnesia
 k - 2 scrolls of teleportation
 n - 2 scrolls of blinking {unknown}
Potions
 d - 2 potions of invisibility {unknown}
 g - 3 potions of flight
 h - a potion of brilliance {unknown}
 i - a potion of mutation {unknown}
 m - 2 potions of curing {unknown}
 o - a potion of might {unknown}
Comestibles
 c - 8 rations


   Skills:
 - Level 2.0 Fighting
 - Level 2.0 Dodging
 - Level 2.6 Stealth
 + Level 4.0 Spellcasting
 + Level 2.2 Conjurations
 - Level 1.0 Transmutations
 - Level 3.0 Earth Magic


You had 6 spell levels left.
You knew the following spells:

 Your Spells              Type           Power        Failure   Level  Hunger
a - Sandblast             Erth           ##....       4%          1    None
b - Passwall              Tmut/Erth      ##......     10%         2    ##.....
c - Stone Arrow           Conj/Erth      ##....       16%         3    ###....

Your spell library contained the following spells:

 Spells                   Type           Power        Failure   Level  Hunger
 Petrify                  Tmut/Erth      ##......     54%         4    ####...
 Lee's Rapid Deconstruct  Erth           ##........   75%         5    ######.


Dungeon Overview and Level Annotations

Branches:
Dungeon (4/15)
 Temple: D:4-7

Altars:
Makhleb

Shops:
D:4 [


Innate Abilities, Weirdness & Mutations

You cannot wear most types of armour.
You are very stealthy in the water. (Stealth+)
You are amphibious.
You can wear up to eight rings at the same time.
You can use your tentacles to constrict eight enemies at once.
Your skin changes colour to match your surroundings (Stealth+).
Your rubbery body absorbs attacks. (AC +1, EV +1)


Message History

The orc wizard is moderately wounded.
You constrict the orc priest. You constrict the orc wizard.
The orc wizard hits you with a +0 dagger.
The orc priest invokes the aid of Beogh against you.
Beogh smites you!
The orc wizard hits you with a +0 dagger.
The orc misses you.
Unknown command.
Unknown command.
Unknown command.
It was a potion of flight.
You feel very buoyant.
You fly up into the air.
You constrict the orc priest, but do no damage.
You constrict the orc wizard.
The orc priest invokes the aid of Beogh against you.
Beogh smites you!
* * * LOW HITPOINT WARNING * * *
The orc wizard hits you with a +0 dagger.
You die...

#################
#................
#.#######..♣#####
#.# #...# #.#
#.♣∩♣#### ###
##.#####
#........ #≈≈ #♣
#.)....#
#..♣.....
#.≈≈#≈♣##..###.#
##.######
#≈≈≈#♣≈##@.# #.#
♣.≈≈..≈oooo#
#.######
≈.≈#.≈≈.##)##
#.......
.≈≈≈≈≈.....#
#.######
...♣≈♣≈####
≈.≈≈...♣# .####
..♣.≈≈≈ ......
#≈.≈≈≈ ..####
#..###


You could see an orc priest, 2 orc wizards and an orc.

Vanquished Creatures
  An orc priest (D:3)
  A bullfrog skeleton (D:4)
  4 adders
  A worm (D:2)
  A dart slug (D:1)
  4 leopard geckos
  5 orcs
  5 giant cockroaches
  6 hobgoblins
  6 kobolds
  6 ball pythons
  3 bats
  3 frilled lizards
  11 goblins
  5 rats
62 creatures vanquished.

Notes
Turn   | Place    | Note
-------+----------+-------------------------------------------
     0 | D:1      | MisterFreud the Octopode Earth Elementalist began the quest
                  | for the Orb.
     0 | D:1      | Reached XP level 1. HP: 11/11 MP: 3/3
   208 | D:1      | Reached skill level 1 in Fighting
   638 | D:1      | Reached XP level 2. HP: 14/18 MP: 5/5
  1127 | D:1      | Reached XP level 3. HP: 10/24 MP: 6/6
  1473 | D:1      | Learned a level 2 spell: Passwall
  1477 | D:1      | Learned a level 3 spell: Stone Arrow
  1912 | D:2      | Reached skill level 3 in Spellcasting
  2029 | D:2      | Found a faded altar of an unknown god.
  2072 | D:2      | Reached XP level 4. HP: 29/29 MP: 8/8
  2418 | D:3      | Found a burning altar of Makhleb.
  2663 | D:3      | Reached skill level 1 in Conjurations
  3126 | D:3      | Reached XP level 5. HP: 23/34 MP: 10/10
  3787 | D:4      | Found Ysatyt's Antique Armour Shoppe.
  3809 | D:4      | Reached skill level 4 in Spellcasting
  3908 | D:4      | HP: 1/34 [orc priest/divine providence (11)]
  3908 | D:4      | Slain by an orc wizard

Illustrated notes

Levels and vault maps discovered:
D:1:      dpeg_arrival_arbitrary_c, layout_loops_ring
D:2:      layout_basic, chequers_ecumenical_altar_twisty
D:3:      layout_loops_cross, bloody_makhleb, first_ration
D:4:      layout_loops_ring, serial_shops, nicolae_shop_trees, shop,
          kennysheep_little_box, serial_rivers, chequers_serial_rivers_marsh,
          chequers_serial_rivers_small_3, chequers_serial_rivers_marsh,
          chequers_serial_rivers_room_a

Skill      XL: |  1  2  3  4  5 |
---------------+----------------+-----
Fighting       | 1 2 |  2.0
Spellcasting   | 3 4 |  4.0
Conjurations   | 1 2 |  2.2
Dodging        | |  2.0
Stealth        | |  2.6
Transmutations | |  1.0
Earth Magic    | |  3.0

Action                   |  1- 3 |  4- 6 || total
-------------------------+-------+-------++-------
Melee: Unarmed           |    14 |       ||    14
       Dagger            |    41 |       ||    41
       Constrict         |    16 |    19 ||    35
       Tentacles         |     4 |    10 ||    14
       Spear             |    29 |   100 ||   129
 Cast: Sandblast         |     2 |       ||     2
       Stone Arrow       |     3 |       ||     3
  Use: Scroll            |     4 |       ||     4
       Potion            |       |     1 ||     1
 Stab: Sleeping          |     8 |    12 ||    20
       Distracted        |     1 |       ||     1
  Eat: Chunk             |     4 |     5 ||     9
Armor: Skin              |     3 |     3 ||     6
Dodge: Dodged            |    48 |    46 ||    94
